 Seeded DCSS version 0.30-a0-702-gdf48620a09 (webtiles) character file.

Game seed: 2721199303573115971 (custom seed)

89086 acebull12 the Warrior (level 15, -3/152 HPs)
             Began as a Minotaur Fighter on Jan 21, 2023.
             Was a Follower of Uskayaw.
             Slain by Polyphemus (9 damage)
             ... while petrified by a catoblepas
             ... on level 1 of the Shoals.
             The game lasted 00:35:55 (18839 turns).

acebull12 the Warrior (Minotaur Fighter)           Turns: 18839, Time: 00:35:56

Health: -3/152     AC: 21    Str: 35    XL:     15   Next: 48%
Magic:  14/14      EV:  2    Int:  9    God:    Uskayaw [*.....]
Gold:   987        SH:  0    Dex: 14    Spells: 14/14 levels left

rFire   + + +      SeeInvis +    s - +10 zealot's sword {holy, Zealotry, *Rage rN+ EV+3}
rCold   + . .      Faith    +    U - +6 buckler of a wizard's laboratory {rPois rF++ rCorr MP-9}
rNeg    + + +      Spirit   .    T - +2 ring mail "Enidoid" {Int+2 Dex+2 Slay+3 SInv}
rPois   ∞          Reflect  .    y - +2 hat
rElec   +          Harm     .    g - scarf {rC+ rF+}
rCorr   +          Rampage  .    W - +2 pair of gloves {Str+3}
Will    +....      Rage     20%  X - +2 pair of boots
Stlth   +                        E - amulet of faith
HPRegen 0.45/turn                P - ring "Iblif" {*Slow Fly rElec rF+ Str+8}
MPRegen 0.14/turn                N - +4 ring of protection

@: petrified, flying, studying Summonings
A: horns 2, retaliatory headbutt
a: Renounce Religion, Stomp


You were on level 1 of the Shoals.
You worshipped Uskayaw.
Uskayaw was pleased with you.
You visited 4 branches of the dungeon, and saw 18 of its levels.
You also visited: Ice Cave.

You collected 987 gold pieces.

Inventory:

Hand Weapons
 s - the +10 zealot's sword (weapon) {holy, Zealotry, *Rage rN+ EV+3}
   (You found it on level 2 of the Dungeon)

   Zealotry:  Whenever the wielder enters a berserk rage, their allies are
   berserked alongside them.
   EV:        It affects your evasion (+3).
   rN:        It protects you from negative energy.
   *Rage:     It berserks you when you make melee attacks (+20% chance).
Missiles
 j - 144 stones
 k - 5 atropa-tipped darts
 q - 18 boomerangs (quivered)
 D - 29 poisoned darts
 R - 4 throwing nets
 V - 9 javelins
Armour
 g - a scarf of resistance (worn)
 y - a +2 hat (worn)
 T - the +2 ring mail "Enidoid" (worn) {Int+2 Dex+2 Slay+3 SInv}
   (You took it off a gnoll sergeant on level 8 of the Dungeon)

   Int:       It affects your intelligence (+2).
   Dex:       It affects your dexterity (+2).
   Slay:      It affects your accuracy & damage with ranged weapons and melee
   (+3).
   SInv:      It lets you see invisible.
 U - the +6 buckler of a wizard's laboratory (worn) {rPois rF++ rCorr MP-9}
   (You took it off a gnoll sergeant on level 8 of the Dungeon)

   rF:        It greatly protects you from fire.
   rPois:     It protects you from poison.
   MP:        It affects your magic capacity (-9).
   rCorr:     It protects you from acid and corrosion.
 W - a +2 pair of gloves of strength (worn)
 X - a +2 pair of boots (worn)
Jewellery
 f - a +6 ring of dexterity
 m - the amulet "Fargheg" {Regen+ MP+9 Str+3}
   (You found it on level 5 of the Lair of Beasts)

   [amulet of regeneration]

   Str:       It affects your strength (+3).
   MP:        It affects your magic capacity (+9).
   Regen:     It increases your rate of health regeneration.
 t - a ring of positive energy
 E - an amulet of faith (around neck)
 K - a ring of resist corrosion
 M - a +6 ring of dexterity
 N - a +4 ring of protection (right hand)
 P - the ring "Iblif" (left hand) {*Slow Fly rElec rF+ Str+8}
   (You took it off a gnoll bouda on level 8 of the Dungeon)

   [ring of flight]

   Str:       It affects your strength (+8).
   rF:        It protects you from fire.
   rElec:     It insulates you from electricity.
   Fly:       It grants you flight.
   *Slow:     It may slow you when you take damage.
Wands
 h - a wand of charming (7)
 o - a wand of digging (6)
 z - a wand of polymorph (5)
 H - a wand of iceblast (21)
 I - a wand of mindburst (18)
 Q - a wand of light (7)
 S - a wand of flame (46)
Scrolls
 a - 5 scrolls of fog
 c - a scroll of fear
 p - a scroll of amnesia
 r - 2 scrolls of noise {unknown}
 u - 8 scrolls of teleportation
 v - a scroll of butterflies
 A - 4 scrolls of magic mapping
 B - 3 scrolls of blinking {unknown}
 C - a scroll of silence
 J - a scroll of immolation
 Y - a scroll of identify
Potions
 b - 2 potions of ambrosia {unknown}
 d - 2 potions of might
 e - a potion of lignification {unknown}
 i - 4 potions of brilliance
 l - a potion of magic
 n - a potion of invisibility {unknown}
 w - 8 potions of curing
 x - 4 potions of heal wounds
 F - 2 potions of cancellation {unknown}
 G - 5 potions of haste
 L - 3 potions of attraction {unknown}
 O - 3 potions of resistance {unknown}
 Z - a potion of flight {unknown}


   Skills:
 + Level 19.3 Fighting
 - Level 14.0 Long Blades
 * Level 10.8 Throwing
 + Level 8.1 Armour
 + Level 10.4 Dodging
 - Level 1.0 Stealth
 + Level 5.5 Shields
 * Level 12.4 Invocations


You had 14 spell levels left.
You didn't know any spells.
Your spell library contained the following spells:

 Spells                   Type           Power      Damage    Failure   Level
 Freeze                   Ice            0%         1d3       56%         1
 Kiss of Death            Conj/Necr      0%         2d5       56%         1
 Cigotuvi's Dreadful Rot  Necr/Pois/Air  0%         N/A       71%         2
 Confusing Touch          Hex            0%         N/A       90%         3
 Frozen Ramparts          Ice            0%         1d1       90%         3
 Hailstorm                Conj/Ice       0%         3d3       90%         3
 Inner Flame              Hex/Fire       0%         N/A       90%         3
 Ozocubu's Armour         Ice            0%         N/A       90%         3
 Tukima's Dance           Hex            0%         N/A       90%         3
 Animate Armour           Summ/Erth      0%         N/A       100%        4
 Animate Dead             Necr           0%         N/A       100%        4
 Cause Fear               Hex            0%         N/A       100%        4
 Dispel Undead            Necr           0%         3d6       100%        4
 Ice Form                 Ice/Tmut       0%         N/A       100%        4
 Passage of Golubria      Tloc           0%         N/A       100%        4
 Petrify                  Tmut/Erth      0%         N/A       100%        4
 Summon Ice Beast         Ice/Summ       0%         N/A       100%        4
 Blade Hands              Tmut           0%         N/A       100%        5
 Borgnjor's Vile Clutch   Necr/Erth      0%         N/A       100%        5
 Metabolic Englaciation   Hex/Ice        0%         N/A       100%        5
 Yara's Violent Unravell  Hex/Tmut       0%         3d3       100%        5
 Iron Shot                Conj/Erth      0%         9d1       100%        6
 Statue Form              Tmut/Erth      0%         N/A       100%        6
 Enfeeble                 Hex            0%         N/A       100%        7
 Ozocubu's Refrigeration  Ice            0%         4d7       100%        7
 Discord                  Hex            0%         N/A       100%        8


Dungeon Overview and Level Annotations

Branches:
Dungeon (10/15)            Temple (1/1) D:6            Lair (5/5) D:10
 Shoals (2/4) Lair:3        Snake (0/4) Lair:3        Slime (0/5) Lair:5
    Orc (0/2) D:10          IceCv (visited)

Altars:
Ashenzari
Cheibriados
Dithmenos
Elyvilon
Fedhas
Gozag
Hepliaklqana
Kikubaaqudgha
Makhleb
Nemelex Xobeh
Okawaru
Qazlal
Ru
Sif Muna
Trog
Uskayaw
Vehumet
Wu Jian
Xom
Yredelemnul
Zin
The Shining One
Jiyva

Shops:
D:2 *   D:3 (

Annotations:
Shoals:1 Polyphemus


Innate Abilities, Weirdness & Mutations

You have a pair of horns on your head.
You reflexively headbutt those who attack you in melee.


Message History

You are engulfed in calcifying dust.
Polyphemus hits you. Polyphemus hits you but does no damage.
The death yak is engulfed in calcifying dust.
The catoblepas gores you.
You are engulfed in calcifying dust.
Polyphemus hits you! Polyphemus hits you but does no damage.
The death yak is engulfed in calcifying dust.
The catoblepas gores you!
You are engulfed in calcifying dust.
Polyphemus throws the death yak at you!
The catoblepas breathes a plume of calcifying dust at you.
The blast of calcifying dust hits you but does no damage.
You turn to flesh and can move again.
There is a stone staircase leading up here.
You are engulfed in calcifying dust.
You are slowing down.
Polyphemus stomps at the ground furiously.
You block Polyphemus's attack. Polyphemus hits you but does no damage.
The catoblepas gores you!!
* * * LOW HITPOINT WARNING * * *
You fly upwards.
You have turned to stone.
Polyphemus hits you but does no damage. Polyphemus hits you.
* * * LOW HITPOINT WARNING * * *
The catoblepas breathes a plume of calcifying dust at you.
The blast of calcifying dust hits you but does no damage.
You are engulfed in calcifying dust.
Polyphemus hits you but does no damage. x2
The catoblepas gores you.
* * * LOW HITPOINT WARNING * * *
You are engulfed in calcifying dust.
Polyphemus hits you!
* * * LOW HITPOINT WARNING * * *
Polyphemus hits you but does no damage. The catoblepas gores you!!
* * * LOW HITPOINT WARNING * * *
You are engulfed in calcifying dust.
Polyphemus hits you but does no damage. x2
The catoblepas gores you.
* * * LOW HITPOINT WARNING * * *
You are engulfed in calcifying dust.
Polyphemus hits you!!
* * * LOW HITPOINT WARNING * * *
Polyphemus barely misses you.
The catoblepas gores you but does no damage.
You are engulfed in calcifying dust.
Polyphemus hits you!!
You die...

P.#P.≈~≈≈≈≈~~~~≈≈≈≈≈≈≈≈~.# #.~~~~
P###.≈≈≈≈≈≈...~≈≈≈≈≈≈≈≈~.###.~~~~
.###~≈≈≈≈≈...~~≈≈≈≈≈≈≈≈≈~...~~~~~
...P~≈≈≈≈.....~~≈≈≈≈≈≈≈≈~~~~~~~~~
....~~≈≈~.....~~~≈≈≈≈≈≈≈≈≈≈≈≈≈~~~
~~~~~..~~~~~....~~≈≈≈≈≈≈≈≈###≈~~~
~~~~~~~~.~~......~~≈≈≈~~~≈# #≈~~~
~~~~~~~~~~..###..C~≈≈≈~~~≈###≈≈≈~
~~≈~~~~≈~~.## #Y@~§~§≈~~~≈≈≈≈≈~≈~
~~≈~~~~≈≈~.# ##..~~~~~~~~≈≈≈≈≈~~
~≈≈~~~~≈≈~.# #..~~~~~~~~~~~~...
~≈≈~~~~~~.## ##......~~~~~~~~.##
~~~~~~~~~.# #..~....~~≈≈≈≈≈.##
~~~.~≈≈≈~.# #......~~~~≈≈≈≈..#
~~~~~≈≈≈~## #.....~~..~≈~~~~.##
...~~~~≈~.# #.....###.~~~~~~~..
..~~~~~~~.## ##....##....~~~~~..


You could see Polyphemus and a catoblepas.

Vanquished Creatures
  A lich (IceCv)
  An acid blob (Lair:5)
  Donald (Shoals:1)
  2 azure jellies (Lair:5)
  2 quicksilver oozes (Lair:5)
  A very ugly thing (IceCv)
  4 dire elephants (Lair:5)
  Snorg (Lair:3)
  2 merfolk impalers (Shoals:2)
  A great orb of eyes (Lair:5)
  A caustic shrike simulacrum (IceCv)
  The ghost of Likado the Fighter, a journeyman DsRe of Dithmenos (D:10)
  A centaur warrior (D:9)
  5 hydras
  The ghost of baller8008 the Cleaver, a novice HOFi of Beogh (D:8)
  4 death yaks (Lair:5)
  Urug (D:10)
  The ghost of acebull12 the Cleaver, a novice MiFi of Okawaru (D:7)
  2 spectral death yaks (Lair:5)
  3 sea snakes
  A spectral anaconda (Lair:5)
  5 bog bodies (IceCv)
  A spriggan simulacrum (IceCv)
  2 obsidian statues
  4 necromancers
  12 harpies
  2 cyclopes (Shoals:2)
  15 elephants
  7 manticores
  4 fauns (Shoals:2)
  3 oklob plants (Lair:5)
  5 black mambas
  2 dire elephant zombies (Lair:5)
  2 merfolk sirens (Shoals:1)
  3 slime creatures (Lair:5)
  12 cane toads
  A dire elephant skeleton (Lair:5)
  5 rime drakes
  A spectral unseen horror (D:7)
  15 freezing wraiths (IceCv)
  4 komodo dragons
  3 anaconda simulacra (IceCv)
  3 ice devils (IceCv)
  6 polar bears
  12 merfolk
  A wind drake (Lair:3)
  2 trolls
  2 hornets
  Grinder (D:3)
  20 blink frogs
  2 spectral elephants (Lair:5)
  A snapping turtle (Shoals:1)
  6 dream sheep (Shoals:2)
  Sigmund (D:5)
  4 wyverns
  3 dire elephant simulacra (IceCv)
  34 yaks
  2 basilisks
  A death yak simulacrum (Lair:5)
  2 steam dragons
  3 harpy simulacra (IceCv)
  4 wargs (D:10)
  Edmund (D:5)
  A hydra simulacrum (IceCv)
  20 water moccasins
  6 orc warriors
  A black bear (D:7)
  A sky beast (D:6)
  4 alligator simulacra (IceCv)
  An ice beast (D:7)
  An elephant zombie (Lair:5)
  An ettin simulacrum (IceCv)
  6 centaurs
  2 ogres
  10 wolves
  3 phantoms
  2 elephant skeletons (Lair:5)
  A kobold brigand (D:6)
  7 bullfrogs
  2 deep troll simulacra (IceCv)
  5 necrophages
  5 gnoll sergeants
  4 scorpions
  8 wights
  An elephant simulacrum (Lair:5)
  9 killer bees
  5 lindwurm simulacra (IceCv)
  An electric eel (Lair:5)
  A howler monkey (D:8)
  13 jellies
  A wyvern simulacrum (D:7)
  2 gnoll boudas
  10 orc priests
  3 hounds
  3 iguanas
  Terence (D:3)
  16 orc wizards
  2 killer bee zombies (D:7)
  A howler monkey zombie (D:7)
  17 gnolls
  11 adders
  A shadow imp (D:6)
  A white imp (D:7)
  42 orcs
  10 endoplasms
  A giant cockroach (D:1)
  9 goblins
  7 hobgoblins
  4 quokkas
  6 ball pythons
  3 bats (D:2)
  4 frilled lizards
  7 kobolds
  6 rats
545 creatures vanquished.

Vanquished Creatures (others)
  14 fungi
  41 plants
  18 withered plants (Lair:5)
73 creatures vanquished.

Grand Total: 618 creatures vanquished

Notes
Turn   | Place    | Note
-------+----------+-------------------------------------------
     0 | D:1      | acebull12 the Minotaur Fighter began the quest for the Orb.
     0 | D:1      | Reached XP level 1. HP: 19/19 MP: 0/0
   845 | D:2      | Reached XP level 2. HP: 23/27 MP: 1/1
  1196 | D:2      | Found the +10 zealot's sword {holy, Zealotry, *Rage rN+
                  | EV+3}
  1288 | D:2      | Reached XP level 3. HP: 26/33 MP: 2/2
  1433 | D:2      | Found Karghu's Assorted Antiques.
  1965 | D:3      | Reached XP level 4. HP: 26/40 MP: 3/3
  1990 | D:3      | Reached skill level 5 in Armour
  2367 | D:3      | Noticed Grinder
  2367 | D:3      | Paralysed by Grinder for 3 turns
  2386 | D:3      | Killed Grinder
  2387 | D:3      | Reached skill level 4 in Fighting
  2387 | D:3      | Reached XP level 5. HP: 43/46 MP: 4/4
  2387 | D:3      | Reached XP level 6. HP: 48/52 MP: 5/5
  2556 | D:3      | Noticed Terence
  2560 | D:3      | Killed Terence
  2561 | D:3      | Reached skill level 5 in Long Blades
  2561 | D:3      | Reached skill level 1 in Dodging
  2737 | D:3      | Found Asiul's Antique Weapon Boutique.
  3281 | D:4      | Found an ancient bone altar of Kikubaaqudgha.
  3287 | D:4      | Found a burning altar of Makhleb.
  3333 | D:4      | Reached XP level 7. HP: 60/60 MP: 6/6
  3445 | D:4      | Reached skill level 5 in Shields
  3598 | D:5      | Entered Level 5 of the Dungeon
  3794 | D:5      | Reached skill level 5 in Fighting
  3851 | D:5      | Reached XP level 8. HP: 65/68 MP: 7/7
  4080 | D:5      | Noticed Sigmund
  4091 | D:5      | Killed Sigmund
  4131 | D:5      | Noticed Edmund
  4137 | D:5      | Killed Edmund
  4387 | D:6      | Reached skill level 1 in Stealth
  4388 | D:6      | Reached skill level 6 in Fighting
  4402 | D:6      | Reached skill level 10 in Long Blades
  4445 | D:6      | Reached XP level 9. HP: 75/75 MP: 8/8
  4709 | D:6      | Found a staircase to the Ecumenical Temple.
  4719 | Temple   | Entered the Ecumenical Temple
  4922 | Temple   | Became a worshipper of Uskayaw the Reveller
  4957 | D:6      | Reached * piety under Uskayaw
  5373 | D:7      | Reached ** piety under Uskayaw
  5374 | D:7      | Reached *** piety under Uskayaw
  5375 | D:7      | Reached **** piety under Uskayaw
  5376 | D:7      | Reached skill level 1 in Throwing
  5376 | D:7      | Reached skill level 1 in Invocations
  5616 | D:7      | Found a runed translucent gate.
  5617 | D:7      | Found a runed translucent gate.
  5618 | D:7      | Found a runed translucent gate.
  5620 | D:7      | Noticed acebull12's ghost (novice MiFi)
  5620 | D:7      | Noticed a spectral unseen horror
  6227 | D:7      | Reached skill level 7 in Fighting
  6229 | D:7      | Reached ***** piety under Uskayaw
  6416 | D:7      | Killed a spectral unseen horror
  6420 | D:7      | Killed acebull12's ghost
  6421 | D:7      | Reached XP level 10. HP: 67/86 MP: 9/11
  6773 | D:8      | Reached skill level 8 in Fighting
  6787 | D:8      | Found a transporter.
  7201 | D:8      | Found a transporter.
  7202 | D:8      | Noticed baller8008's ghost (novice HOFi)
  7217 | D:8      | Identified the +2 ring mail "Enidoid" {Int+2 Dex+2 Slay+3
                  | SInv}
  7217 | D:8      | Identified the +6 buckler of a wizard's laboratory {rPois
                  | rF++ rCorr MP-9}
  7441 | D:8      | Identified the ring "Iblif" {*Slow Fly rElec rF+ Str+8}
  7464 | D:8      | Reached ****** piety under Uskayaw
  7467 | D:8      | Killed baller8008's ghost
  7906 | D:9      | Noticed a centaur warrior
  7917 | D:9      | Killed a centaur warrior
  7918 | D:9      | Reached skill level 9 in Fighting
  8250 | D:9      | Reached XP level 11. HP: 85/97 MP: 4/13
  8530 | D:9      | Reached skill level 5 in Dodging
  8786 | D:10     | Entered Level 10 of the Dungeon
  8902 | D:10     | Reached skill level 5 in Throwing
  8961 | D:10     | Noticed Urug
  8968 | D:10     | Killed Urug
  9035 | D:10     | Reached skill level 5 in Invocations
  9081 | D:10     | Found a runed translucent gate.
  9081 | D:10     | Noticed Likado's ghost (journeyman DsRe)
  9082 | D:10     | Found a runed translucent gate.
  9082 | D:10     | Identified the +13 plate armour of Beogh's Righteous Fury
                  | {rF- Int-5 Dex+8 Stlth+}
  9083 | D:10     | Found a runed translucent gate.
  9084 | D:10     | Identified the +1 scale mail of the Six Nights {rC+ rCorr}
  9098 | D:10     | Killed Likado's ghost
  9099 | D:10     | Reached skill level 10 in Fighting
  9261 | D:10     | Found a staircase to the Orcish Mines.
  9338 | D:10     | Found a staircase to the Lair.
  9755 | Lair:1   | Entered Level 1 of the Lair of Beasts
 10036 | Lair:1   | Reached skill level 11 in Fighting
 10774 | Lair:2   | Identified the +9 spear of Abuse {freeze, +Blink}
 10797 | Lair:2   | Reached XP level 12. HP: 112/112 MP: 6/15
 10822 | Lair:2   | Identified a scroll of acquirement
 10822 | Lair:2   | Acquired a +4 heavy double sword
 10849 | Lair:2   | Found an opulent altar of Gozag.
 10883 | Lair:2   | Reached skill level 12 in Fighting
 10898 | Lair:2   | Identified the +7 falchion of Meklirar {freeze, rPois rF-
                  | Dex+3 SInv}
 11577 | Lair:3   | Noticed an eight-headed hydra
 11584 | Lair:3   | Killed a nine-headed hydra
 11612 | Lair:3   | Found a staircase to the Shoals.
 11626 | Lair:3   | Reached skill level 13 in Fighting
 11799 | Lair:3   | Noticed Snorg
 11812 | Lair:3   | Killed Snorg
 11910 | Lair:3   | Found a staircase to the Snake Pit.
 12189 | Lair:3   | Reached skill level 14 in Fighting
 12992 | Lair:4   | Reached XP level 13. HP: 125/125 MP: 8/17
 13257 | Lair:4   | Found a bloodstained altar of Trog.
 13450 | Lair:4   | Reached skill level 15 in Fighting
 13837 | Lair:5   | Entered Level 5 of the Lair of Beasts
 14056 | Lair:5   | Noticed a dire elephant
 14056 | Lair:5   | Noticed a dire elephant
 14056 | Lair:5   | Noticed a dire elephant
 14056 | Lair:5   | Noticed a dire elephant
 14201 | Lair:5   | Identified the amulet "Fargheg" {Regen+ MP+9 Str+3}
 14251 | Lair:5   | Killed a dire elephant
 14251 | Lair:5   | Killed a dire elephant
 14252 | Lair:5   | Reached skill level 16 in Fighting
 14259 | Lair:5   | Killed a dire elephant
 14266 | Lair:5   | Killed a dire elephant
 14807 | Lair:5   | Reached XP level 14. HP: 138/138 MP: 11/20
 14873 | Lair:5   | Noticed an azure jelly
 14879 | Lair:5   | Killed an azure jelly
 14914 | Lair:5   | Noticed a quicksilver ooze
 14922 | Lair:5   | Killed a quicksilver ooze
 14923 | Lair:5   | Reached skill level 17 in Fighting
 15061 | Lair:5   | Noticed an azure jelly
 15071 | Lair:5   | Killed an azure jelly
 15072 | Lair:5   | Reached skill level 10 in Invocations
 15358 | Lair:5   | Noticed a quicksilver ooze
 15372 | Lair:5   | Noticed an acid blob
 15373 | Lair:5   | Killed a quicksilver ooze
 15382 | Lair:5   | Killed an acid blob
 15628 | Lair:5   | Found a viscous altar of Jiyva.
 15637 | Lair:5   | Found a staircase to the Slime Pits.
 16107 | Shoals:1 | Entered Level 1 of the Shoals
 16107 | Shoals:1 | Found a frozen archway.
 16210 | Shoals:1 | Noticed Donald
 16216 | IceCv    | Entered an ice cave
 16606 | IceCv    | Reached skill level 18 in Fighting
 16606 | IceCv    | Reached skill level 10 in Throwing
 16647 | IceCv    | Found an ancient bone altar of Kikubaaqudgha.
 16647 | IceCv    | Noticed a white very ugly thing
 16664 | IceCv    | Killed a white very ugly thing
 16952 | IceCv    | Noticed a lich
 16959 | IceCv    | Reached skill level 10 in Dodging
 16965 | IceCv    | Killed a lich
 16992 | IceCv    | Reached XP level 15. HP: 84/150 MP: 13/22
 17119 | IceCv    | Got the Folio of Sepulchral Ice
 17450 | Shoals:1 | Killed Donald
 18480 | Shoals:2 | Reached skill level 19 in Fighting
 18807 | Shoals:2 | Noticed Polyphemus
 18838 | Shoals:1 | HP: 6/152 [Polyphemus (9)]
 18839 | Shoals:1 | Slain by Polyphemus

Illustrated notes

Levels and vault maps discovered:
D:1:      sevenhm_arrival_forest_fort_large_2, layout_rooms,
          roderic_roman_lattice
D:2:      layout_loops_corners, serial_shops, nicolae_shop_advertising_works
          [nicolae_subvault_shop_adworks], lemuel_flame_loot_1
D:3:      layout_loops_ring, serial_shops, nicolae_shop_stone, uniq_grinder,
          uniq_terence
D:4:      layout_rooms, mainiacjoe_overflow_big_doors
D:5:      layout_basic, sigmund_edmund_badplayer
D:6:      layout_rooms, minmay_temple_entry_drinking_statues
D:7:      layout_basic, gammafunk_ghost_necromancy,
          nicolae_concentric_dashed_squares_mild, kennysheep_generic_room_2
D:8:      layout_loops_cross, gammafunk_ghost_gnarly_gnolls
D:9:      layout_roguey
D:10:     layout_basic, erik_lair_orcish_takeover, orc_0_dummy,
          biasface_ghost_orc_armoury, small_statue_alley_a, uniq_urug
Temple:   nicolae_temple_slightly_damp_pantheon
Lair:1:   layout_cave_pods, evilmike_ambush [evilmike_ambush_outer_corners,
          evilmike_ambush_inner_wall_1], grunt_megastairs_5
Lair:2:   layout_misc_corridors, basic_altar, serial_bayou_shore_b
Lair:3:   layout_chaotic_city, minmay_shoals_entry_beasts,
          minmay_snake_entry_six_corridors, lemuel_fruit_fields, uniq_snorg
Lair:4:   layout_cave_pods, basic_altar
Lair:5:   due_jungle_book, layout_hall_layers,
          minmay_slime_entry_oklob_enclosed, special_room [special_room_jelly],
          st_stairs_8, nicolae_quartered_pool_little, cheibrodos_lair_lostbears,
          infiniplex_staircase_pool_2
Shoals:1: layout_shoals, portal_ice_cave_entry_pillars_2, uniq_donald
Shoals:2: cheibrodos_shoals_satyrical_garden, layout_shoals, uniq_polyphemus

Skill      XL: |  1  2  3  4  5  6  7  8  9 10 11 12 13 14 15 |
---------------+----------------------------------------------+-----
Armour         | 4 5 6 7 8 |  8.1
Shields        | 4 5 |  5.5
Long Blades    | 3 4 5 7 10 12 13 14 | 14.0
Fighting       | 4 5 6 7 9 11 14 16 18 19 | 19.3
Dodging        | 1 2 4 6 7 8 10 | 10.4
Stealth        | 1 |  1.0
Throwing       | 3 4 6 7 9 10 | 10.8
Invocations    | 3 4 6 7 9 11 12 | 12.4

Action                   |  1- 3 |  4- 6 |  7- 9 | 10-12 | 13-15 || total
-------------------------+-------+-------+-------+-------+-------++-------
Melee: Long sword        |    40 |       |       |       |       ||    40
       Headbutt          |    10 |     6 |    14 |    64 |   131 ||   225
       Eudemon blade     |    28 |    57 |   146 |   361 |   498 ||  1090
Throw: Boomerang         |       |       |       |     4 |     4 ||     8
Invok: Grand Finale      |       |       |       |       |     2 ||     2
  Use: Scroll            |     5 |       |     3 |     7 |     9 ||    24
 Stab: Paralysed         |       |       |     7 |    52 |    73 ||   132
       Sleeping          |       |       |       |     2 |       ||     2
       Petrified         |       |       |       |       |     1 ||     1
Armor: Scale mail        |    36 |    17 |    32 |     9 |       ||    94
       Ring mail         |       |       |       |    26 |   152 ||   178
Dodge: Dodged            |    27 |    16 |    58 |   122 |   243 ||   466
Block: Kite shield       |    21 |    18 |    70 |    31 |       ||   140
       Buckler           |       |       |       |   122 |   228 ||   350

Table legend: (Time is in decaauts)
 A = Elapsed time spent in this place.
 B = Non-inter-level travel time spent in this place.
 C = Inter-level travel time spent in this place.
 D = Time resting spent in this place.
 E = Time spent auto-exploring this place.
 F = Levels seen in this place.
 G = Mean time per level.
                   A        B        C        D        E       F      G
               +--------+--------+--------+--------+--------+-----+--------+
         Total |  19645 |  18476 |   1169 |   5138 |  10373 |  19 | 1033.9 |
       Dungeon |   9985 |   9216 |    769 |   2217 |   5695 |  10 |  998.5 |
        Temple |    232 |    214 |     18 |      0 |    145 |   1 |  232.0 |
          Lair |   6600 |   6293 |    307 |   1596 |   3704 |   5 | 1320.0 |
        Shoals |   1569 |   1495 |     74 |    581 |    627 |   2 |  784.5 |
      Ice Cave |   1256 |   1256 |      0 |    743 |    201 |   1 | 1256.0 |
               +--------+--------+--------+--------+--------+-----+--------+

Top non-repeatable levels by time:
  Lair:5: 2247 daAuts
     D:7: 1363 daAuts
     D:8: 1339 daAuts
   IceCv: 1256 daAuts
     D:2: 1246 daAuts
Shoals:1: 1240 daAuts
  Lair:3: 1184 daAuts
  Lair:4: 1153 daAuts
     D:9: 1057 daAuts
  Lair:2: 1009 daAuts
  Lair:1: 1005 daAuts
     D:3: 963 daAuts
    D:10: 955 daAuts
     D:4: 864 daAuts
     D:1: 761 daAuts
